Map: Incorporeal LE

Players

MonicaEveret - Winner!

  • Race: Protoss Protoss
  • League: Master
  • Spawn Location: 11:00

BuMBLB

  • Race: Zerg Zerg
  • League: Master
  • Spawn Location: 5:00

VOD

Have the link to the VOD?

Description

Time

  • Played on: May 14, 2025, 4:32 p.m.
  • Length: 36:45
Show
View Real Time Build Order
Export as new Build Order

MonicaEveret Protoss - Winner!

Build Orders: Nexus First, Carriers 

Get SALT Encoding   

  12  0:00  Probe  
  13  0:12  Probe  
  14  0:18  Pylon  
  14  0:25  Probe  
  15  0:37  Probe  
  16  0:49  Probe  
  17  1:00  Nexus  
  17  1:03  Probe  
  17  1:16  Gateway  
  17  1:22  Probe  
  18  1:30  Assimilator, Probe  
  18  1:37  Assimilator  
  18  1:39  Probe  
  20  1:47  Pylon  
  20  1:49  Probe  
  21  1:57  Probe  
  22  2:04  Cybernetics Core  
  22  2:05  Probe  
  22  2:12  Zealot  
  22  2:14  Probe  
  25  2:16  Probe  
  25  2:22  Probe  
  27  2:24  Probe  
  29  2:30  Probe  
  29  2:33  Probe  
  31  2:39  Stalker  
  33  2:47  Gateway  
  33  2:52  Shield Battery  
  31  3:00  Shield Battery  
  30  3:10  Shield Battery  
  30  3:11  Stalker  
  30  3:24  Probe  
  33  3:28  Assimilator  
  33  3:32  Probe  
  34  3:36  Probe  
  35  3:45  Assimilator  
  35  3:51  Stargate  
  35  4:09  Nexus  
  35  4:25  Pylon  
  35  4:33  Pylon  
  35  4:47  Fleet Beacon  
  35  4:48  Stalker x2  
  39  4:53  Pylon  
  39  5:05  Shield Battery  
  39  5:09  Pylon  
  39  5:17  Tempest  
  43  5:22  Probe  
  41  5:34  Probe  
  45  5:36  Shield Battery  
  45  5:40  Probe  
  45  5:54  Assimilator  
  45  5:58  Tempest  
  45  5:59  Assimilator  
  50  6:04  Probe  
  50  6:09  Probe  
  51  6:16  Probe  
  50  6:21  Probe  
  51  6:28  Probe  
  52  6:33  Probe  
  53  6:40  Probe  
  53  6:44  Shield Battery  
  54  6:48  Pylon  
  54  6:58  Probe x2  
  54  7:01  Tempest  
  60  7:10  Probe x2  
  62  7:24  Probe x2  
  62  7:26  Warp Gate  
  62  7:28  Robotics Facility  
  63  7:50  Probe x2  
  58  8:01  Carrier  
  58  8:02  Probe  
  65  8:07  Probe  
  66  8:15  Probe  
  66  8:19  Probe  
  68  8:29  Probe  
  68  8:31  Probe  
  70  8:41  Probe  
  71  8:44  Observer  
  72  8:52  Forge  
  72  8:53  Probe  
  72  8:54  Pylon  
  73  9:07  Carrier  
  79  9:31  Assimilator  
  79  9:35  Assimilator, Photon Cannon  
  79  9:36  Stargate  
  79  9:37  Photon Cannon  
  79  9:39  Photon Cannon, Stargate  
  79  9:40  Stargate  
  79  9:42  Photon Cannon  
  79  9:44  Photon Cannon  
  79  9:45  Shield Battery  
  79  9:49  Pylon  
  79  9:52  Pylon  
  79  9:55  Probe  
  80  10:03  Protoss Shields Level 1  
  80  10:08  Probe, Mothership  
  80  10:11  Cybernetics Core  
  95  10:20  Stalker x2  
  81  10:38  Void Ray  
  85  10:46  Void Ray x2  
  85  10:47  Nexus  
  81  10:51  Probe  
  86  11:00  Void Ray  
  86  11:03  Probe  
  87  11:05  Immortal  
  87  11:08  Nexus  
  87  11:13  Stalker x2  
  99  11:43  Void Ray  
  99  11:44  Void Ray  
  99  11:47  Photon Cannon  
  99  11:49  Probe x2, Photon Cannon  
  99  11:52  Photon Cannon  
  101  12:01  Probe  
  102  12:02  Cybernetics Core  
  102  12:07  Pylon  
  102  12:15  Probe x2  
  102  12:16  Photon Cannon  
  100  12:23  Void Ray  
  108  12:31  Probe, Immortal  
  108  12:34  Void Ray x2  
  108  12:35  Protoss Ground Weapons Level 1  
  113  12:40  Probe x2  
  113  12:44  Probe  
  116  12:51  Stalker  
  120  12:53  Probe x2, Void Ray  
  120  12:58  Protoss Air Weapons Level 1  
  122  13:06  Pylon  
  122  13:08  Probe  
  122  13:09  Probe, Pylon  
  122  13:11  Pylon  
  124  13:22  Twilight Council  
  124  13:24  Immortal  
  128  13:32  Nexus  
  128  13:37  Pylon  
  128  13:40  Pylon  
  128  13:44  Forge  
  128  13:45  Carrier  
  128  13:47  Photon Cannon  
  133  13:57  Carrier  
  139  14:04  Carrier x2  
  119  14:26  Zealot  
  107  14:39  Probe x2  
  107  14:40  Probe  
  98  14:45  Carrier  
  98  14:51  Probe x2  
  98  14:52  Probe  
  98  14:58  Protoss Air Armor Level 1  
  98  15:03  Probe  
  98  15:04  Probe x2  
  98  15:15  Carrier x2  
  98  15:16  Probe  
  107  15:28  Probe x2  
  107  15:34  Probe  
  109  15:53  Pylon  
  109  16:03  Probe  
  109  16:04  Probe x2  
  111  16:09  Stalker  
  117  16:21  Nexus  
  117  16:22  Protoss Air Weapons Level 2  
  113  16:30  Pylon  
  113  16:33  Pylon  
  114  17:05  Void Ray x2  
  116  17:20  Void Ray  
  114  17:27  Void Ray  
  105  17:51  Stalker x2  
  65  20:48  Stalker  
  65  20:49  Stalker  
  69  21:21  Carrier  
  69  21:28  Zealot  
  77  22:04  Zealot  
  79  23:44  Stalker  
  40  33:32  Stalker  
Show
View Real Time Build Order
Export as new Build Order

BuMBLB Zerg 

Build Orders: Hatch First 

Get SALT Encoding   

  12  0:00  Drone  
  13  0:07  Drone  
  13  0:14  Extractor  
  13  0:15  Drone  
  14  0:28  Overlord  
  15  0:47  Drone x3  
  18  1:02  Drone  
  19  1:16  Hatchery  
  18  1:21  Drone x2  
  20  1:36  Spawning Pool  
  20  1:39  Overlord  
  19  1:59  Drone x2  
  21  2:23  Zergling x4  
  21  2:24  Queen  
  21  2:25  Zergling x2  
  21  2:29  Spine Crawler x2  
  24  2:30  Zergling x2  
  24  2:34  Queen  
  27  2:39  Extractor  
  27  2:42  Drone  
  27  2:44  Zergling x2  
  28  2:53  Zergling x2  
  29  3:01  Spine Crawler  
  29  3:02  Drone  
  29  3:12  Queen  
  29  3:20  Zergling x4  
  29  3:26  Drone x2  
  33  3:34  Drone  
  33  3:44  Spine Crawler  
  31  3:52  Hatchery  
  31  3:55  Metabolic Boost  
  30  4:08  Spore Crawler  
  28  4:19  Drone x6  
  34  4:27  Queen  
  35  4:37  Extractor  
  34  4:39  Queen  
  36  5:00  Roach Warren  
  36  5:02  Spore Crawler  
  34  5:11  Spore Crawler  
  33  5:19  Drone x3  
  33  5:20  Drone x5  
  41  5:39  Drone  
  42  5:44  Overlord  
  42  5:50  Hatchery, Overlord  
  41  6:01  Zergling x2  
  42  6:15  Drone x6  
  42  6:18  Lair  
  44  6:32  Drone x4  
  48  6:40  Drone  
  47  6:52  Drone x5  
  47  6:53  Queen  
  47  6:54  Extractor  
  53  6:55  Extractor  
  53  6:58  Overlord  
  50  7:03  Zergling x10  
  50  7:04  Zergling x2  
  56  7:08  Drone  
  56  7:09  Drone  
  58  7:18  Queen  
  58  7:22  Drone  
  61  7:23  Spire  
  61  7:29  Queen  
  62  7:30  Overlord x2  
  62  7:34  Queen  
  64  7:44  Drone  
  64  7:46  Drone  
  64  7:47  Overlord x2  
  64  7:48  Overlord  
  64  7:50  Drone x2  
  64  7:54  Drone x2  
  65  8:03  Zergling x6  
  68  8:05  Drone x4  
  72  8:12  Extractor  
  72  8:15  Extractor  
  72  8:16  Drone  
  72  8:17  Drone x4  
  72  8:18  Drone  
  75  8:24  Overlord x2  
  72  8:38  Roach Warren, Glial Reconstitution, Zerg Flyer Weapons Level 1  
  72  8:40  Corruptor x2  
  76  8:41  Corruptor  
  78  8:55  Drone x3  
  81  8:56  Corruptor x3  
  81  9:00  Corruptor  
  89  9:04  Corruptor  
  89  9:09  Corruptor  
  91  9:13  Evolution Chamber  
  92  9:20  Corruptor  
  94  9:24  Corruptor x2  
  94  9:25  Corruptor  
  100  9:39  Hatchery  
  100  9:41  Roach x4  
  107  9:48  Roach x3  
  107  9:49  Overlord  
  113  9:58  Overlord x3  
  113  10:04  Zerg Missile Weapons Level 1  
  113  10:08  Roach x4  
  121  10:22  Roach  
  121  10:23  Roach x7  
  135  10:34  Roach x6  
  135  10:35  Roach  
  145  10:41  Drone  
  146  10:46  Zerg Flyer Weapons Level 2  
  146  10:49  Overlord x3  
  146  11:01  Roach x3  
  146  11:03  Overlord x4  
  152  11:17  Roach x7  
  156  11:36  Corruptor x5  
  154  11:48  Drone x12  
  162  11:58  Corruptor x2  
  162  12:11  Roach x9  
  160  12:22  Overseer  
  160  12:23  Overseer x2  
  160  12:25  Corruptor x3  
  160  12:28  Drone x5  
  169  12:30  Extractor  
  168  12:37  Zergling x10  
  153  12:51  Mutalisk x9  
  172  12:58  Drone x3, Extractor  
  172  12:59  Mutalisk  
  172  13:00  Mutalisk  
  177  13:12  Mutalisk x4  
  179  13:13  Mutalisk  
  179  13:15  Hatchery  
  186  13:20  Zerg Flyer Armor Level 1  
  186  13:23  Zergling x16  
  194  13:31  Zerg Missile Weapons Level 2  
  194  13:33  Mutalisk x2  
  197  13:58  Mutalisk x4  
  197  14:05  Zergling x6  
  193  14:16  Mutalisk x4  
  156  14:27  Mutalisk x2  
  156  14:30  Zergling x30  
  161  14:37  Roach x8  
  169  14:44  Roach x2  
  163  14:51  Drone x5  
  143  15:00  Mutalisk x4  
  145  15:11  Corruptor x2  
  140  15:17  Zergling x2  
  140  15:18  Zergling x16  
  145  15:21  Extractor, Infestation Pit  
  145  15:25  Extractor  
  129  15:29  Corruptor x2  
  122  15:39  Drone x2  
  122  15:40  Drone x12  
  136  15:44  Mutalisk  
  138  15:56  Corruptor x5  
  148  16:01  Hive  
  147  16:05  Hatchery  
  147  16:09  Mutalisk x2  
  150  16:15  Zergling x22  
  161  16:28  Mutalisk x5  
  171  16:35  Extractor  
  171  16:36  Extractor  
  169  16:43  Corruptor x5  
  177  16:57  Corruptor x3  
  174  17:02  Zergling x30  
  174  17:04  Overlord x2  
  178  17:19  Spore Crawler x2  
  178  17:20  Spore Crawler  
  178  17:22  Spore Crawler  
  170  17:23  Spore Crawler x3  
  170  17:25  Spore Crawler x2, Corruptor x2  
  160  17:37  Corruptor  
  160  17:39  Spore Crawler  
  160  17:40  Spore Crawler  
  160  17:43  Spore Crawler  
  144  17:55  Spore Crawler  
  144  17:58  Spore Crawler  
  140  18:01  Corruptor x2  
  142  18:11  Drone x2  
  134  18:32  Hatchery  
  133  18:42  Overlord x6  
  125  18:58  Spawning Pool  
  119  19:07  Overlord x2  
  110  19:39  Hatchery  
  109  19:47  Spore Crawler  
  109  19:48  Spore Crawler x3  
  109  19:49  Spore Crawler x2  
  109  19:50  Spore Crawler x2  
  109  19:51  Spore Crawler, Lair  
  93  20:01  Lair  
  82  20:49  Spore Crawler  
  81  20:50  Spore Crawler  
  81  20:56  Spire  
  79  20:57  Spore Crawler  
  79  20:58  Drone x3  
  79  20:59  Spore Crawler  
  79  21:00  Spore Crawler  
  79  21:02  Spore Crawler  
  75  21:17  Queen  
  77  21:18  Queen  
  77  21:20  Queen  
  77  21:21  Drone  
  77  21:22  Drone x4  
  77  21:23  Drone  
  87  21:38  Spine Crawler  
  87  21:39  Spine Crawler  
  84  21:40  Spine Crawler  
  71  22:12  Corruptor x6  
  83  22:17  Drone  
  83  22:18  Drone, Spore Crawler  
  83  22:19  Spore Crawler  
  83  22:20  Spore Crawler  
  83  22:22  Spore Crawler x2  
  81  22:23  Spore Crawler x2  
  81  22:24  Spore Crawler  
  81  22:25  Spore Crawler  
  81  22:26  Spore Crawler x2  
  81  22:29  Spore Crawler  
  71  22:41  Corruptor  
  71  22:42  Corruptor  
  57  22:57  Overlord  
  57  22:58  Overlord  
  57  23:18  Overlord x3  
  57  23:43  Corruptor x2  
  61  23:55  Corruptor  
  36  24:33  Spawning Pool  
  35  24:47  Drone  
  35  24:50  Drone x3  
  25  25:21  Queen  
  27  25:56  Queen  
  29  26:15  Drone x5  
  34  26:28  Drone x2  
  36  26:42  Drone x3  
  39  26:53  Queen  
  41  27:10  Drone x5  
  46  27:36  Queen  
  44  27:44  Hatchery  
  45  27:58  Zergling x2  
  45  28:02  Overlord x2  
  44  28:12  Queen  
  45  28:23  Zergling x6  
  46  28:35  Zergling x6  
  49  28:48  Queen  
  39  29:13  Zergling x10  
  42  29:23  Queen  
  44  29:30  Drone x3  
  41  29:46  Zergling x2  
  41  29:47  Zergling x6  
  41  30:16  Queen  
  41  30:18  Drone x3  
  46  30:26  Zergling x6  
  49  30:29  Drone  
  50  30:36  Zergling x4  
  47  31:01  Queen  
  45  31:04  Drone  
  45  31:05  Drone x2  
  45  31:06  Lair  
  46  31:34  Spore Crawler x2  
  46  31:35  Spore Crawler x2  
  46  31:36  Spore Crawler  
  36  31:50  Drone x2, Spore Crawler  
  36  31:51  Spine Crawler  
  36  31:52  Spine Crawler  
  33  32:03  Drone x2  
  35  32:08  Spore Crawler  
  22  32:23  Spore Crawler  
  20  32:47  Zergling x8  
  22  32:59  Drone x2  
  24  33:36  Queen  
  24  33:37  Extractor  
  24  33:38  Extractor  
  24  33:40  Spore Crawler  
  23  33:41  Spore Crawler  
  22  33:50  Spine Crawler  
  21  34:10  Spawning Pool  
  21  34:12  Drone  
  14  34:59  Drone  
  17  35:00  Drone  
  18  35:11  Spine Crawler  
  15  35:24  Spore Crawler  
  15  35:27  Drone  
  15  35:28  Drone x2, Spore Crawler  
  6  36:04  Drone  
  6  36:05  Drone x2  
Tags
 
Add a new tag
Caveats
  • Supply blocks, unpowered buildings, or Contaminate may cause inaccurate times.
  • Supply counts are checked every 10 seconds.